 Dungeon Crawl Stone Soup version 0.27.1-34-g3ba077fa99 (webtiles) character file.

Game seed: 9682815129179129054

15866 pkoi the Devastator (level 12, -3/72 HPs)
             Began as a Black Draconian Conjurer on Jan 26, 2022.
             Was a Priest of Hepliaklqana.
             Slain by a jumping spider (12 damage)
             ... on level 2 of the Lair of Beasts.
             The game lasted 00:18:32 (17406 turns).

pkoi the Devastator (Black Draconian Conjurer)     Turns: 17406, Time: 00:18:33

Health: -3/72      AC: 13    Str:  9    XL:     12   Next: 5%
Magic:  13/24      EV: 12    Int: 26    God:    Hepliaklqana [***...]
Gold:   884        SH:  0    Dex: 13    Spells: 19/27 levels left

rFire    . . .     SeeInvis .   x - +6 great sword "Jyuciwk" {pain, rN+ Int+2 Dex+3}
rCold    . . .     Faith    .   (shield currently unavailable)
rNeg     + + .     Spirit   .   (armour unavailable)
rPois    +         Reflect  .   H - +2 hat
rElec    +         Harm     .   c - +1 cloak
rCorr    .         Rampage  .   (no gloves)
Will     +....                  h - +0 pair of boots
Stlth    ++........             (no amulet)
HPRegen  0.22/turn              e - ring of poison resistance
MPRegen  0.19/turn              k - ring of positive energy

@: no status effects
A: reduced essence, breathe lightning, AC +8, unfitting armour, electricity
resistance, cold-blooded, strong-willed 1
a: Breathe Lightning, Renounce Religion, Recall Ancestor, Ancestor Identity,
Transference


You were on level 2 of the Lair of Beasts.
You worshipped Hepliaklqana.
Hepliaklqana was most pleased with you.
You visited 3 branches of the dungeon, and saw 12 of its levels.
You also visited: Ossuary.

You collected 884 gold pieces.

Inventory:

Hand Weapons
 b - a +1 dagger
 x - the +6 great sword "Jyuciwk" (weapon) {pain, rN+ Int+2 Dex+3}
   (You found it on level 1 of the Lair of Beasts)

   In the hands of one skilled in necromantic magic, it inflicts extra damage on
   living creatures.
   Int:       It affects your intelligence (+2).
   Dex:       It affects your dexterity (+3).
   rN:        It protects you from negative energy.
Missiles
 a - 36 poisoned darts
Armour
 c - a +1 cloak (worn)
 h - a +0 pair of boots (worn)
 H - a +2 hat (worn)
Magical Staves
 l - a staff of conjuration
Jewellery
 e - a ring of poison resistance (left hand)
 k - a ring of positive energy (right hand)
 s - an amulet of guardian spirit
 C - a +6 ring of strength
 G - a ring of ice
Wands
 i - a wand of mindburst (7)
 r - a wand of flame (8)
 z - a wand of paralysis (20)
 B - a wand of digging (4)
 D - a wand of charming (7)
 E - a wand of polymorph (13)
 F - a wand of acid (10)
Scrolls
 n - a scroll of identify
 o - 3 scrolls of enchant weapon
 p - a scroll of vulnerability
 q - 2 scrolls of fear
 t - 2 scrolls of fog
 w - 8 scrolls of teleportation
 y - 2 scrolls of amnesia
 I - a scroll of holy word
Potions
 d - 2 potions of mutation
 f - 2 potions of brilliance
 g - a potion of curing
 j - a potion of cancellation
 m - 2 potions of berserk rage
 u - 2 potions of invisibility
 v - a potion of flight
 A - 2 potions of haste
 J - a potion of heal wounds


   Skills:
 - Level 1.7 Dodging
 - Level 1.7 Stealth
 + Level 8.0 Spellcasting
 * Level 16.7 Conjurations
 + Level 3.9 Fire Magic


You had 19 spell levels left.
You knew the following spells:

 Your Spells              Type           Power      Damage    Failure   Level
a - Magic Dart            Conj           100%       1d8       0%          1
b - Searing Ray           Conj           100%       3d7       0%          2
c - Fireball              Conj/Fire      29%        3d13      2%          5

Your spell library contained the following spells:

 Spells                   Type           Power      Damage    Failure   Level
 Foxfire                  Conj/Fire      100%       2x1d9     1%          1
 Conjure Flame            Conj/Fire      59%        6-21      1%          3
 Dazzling Flash           Conj/Hex       100%       N/A       1%          3
 Fulminant Prism          Conj/Hex       26%        3d14      1%          4
 Iskenderun's Mystic Bla  Conj/Tloc      52%        2d11      1%          4
 Beastly Appendage        Tmut           20%        N/A       5%          1
 Inner Flame              Hex/Fire       20%        N/A       8%          3
 Wereblood                Tmut           10%        N/A       9%          2
 Starburst                Conj/Fire      29%        6d9       12%         6
 Spider Form              Tmut/Pois      5%         N/A       17%         3
 Lee's Rapid Deconstruct  Erth           5%         3d7*      83%         5
 Ignition                 Fire           15%        3d6       100%        8


Dungeon Overview and Level Annotations

Branches:
Dungeon (9/15)             Temple (1/1) D:6            Lair (2/6) D:8
Ossuary (visited)
  Swamp: Lair:2-4    Shoals: Lair:2-4     Snake: Lair:2-4    Spider: Lair:2-4
    Orc: D:9-12

Altars:
Ashenzari
Cheibriados
Dithmenos
Elyvilon
Fedhas
Gozag
Hepliaklqana
Kikubaaqudgha
Makhleb
Nemelex Xobeh
Okawaru
Qazlal
Ru
Sif Muna
Trog
Uskayaw
Vehumet
Wu Jian
Xom
Yredelemnul
Zin
The Shining One

Shops:
D:4 *


Innate Abilities, Weirdness & Mutations

Your life essence is reduced to manifest your ancestor. (-10% HP)
You can breathe wild blasts of lightning.
Your glossy black scales are hard. (AC +8)
You cannot fit into any form of body armour.
You are resistant to electric shocks. (rElec)
You are cold-blooded and may be slowed by cold attacks.
You are strong-willed. (Will+)


Message History

* * * LOW HITPOINT WARNING * * *
The jumping spider leaps! x2
The wolf spider hits you but does no damage.
The wolf spider bites you.
* * * LOW HITPOINT WARNING * * *
Aisling hits the wolf spider with a +0 flail!
The wolf spider dies!
You struggle to detach yourself from the web.
The jumping spider leaps!
The jumping spider pounces on you but does no damage.
The jumping spider bites you but does no damage.
Unknown command.
The web tears apart.
The jumping spider leaps!
The jumping spider pounces on you!
* * * LOW HITPOINT WARNING * * *
You are caught in a web!
The jumping spider barely misses you.
The jumping spider leaps!
Unknown command.
You struggle to detach yourself from the web.
The jumping spider barely misses you.
The jumping spider bites you but does no damage.
The jumping spider leaps!
You struggle to detach yourself from the web.
The jumping spider leaps! x2
The web tears apart.
The jumping spider leaps!
The jumping spider pounces on you.
* * * LOW HITPOINT WARNING * * *
You are caught in a web!
The jumping spider bites you but does no damage.
The jumping spider pounces on you!
* * * LOW HITPOINT WARNING * * *
The jumping spider barely misses you.
The jumping spider leaps!
The web tears apart.
The jumping spider pounces on you but does no damage.
The jumping spider barely misses you. The jumping spider closely misses you.
The jumping spider bites you but does no damage.
The jumping spider closely misses you.
The jumping spider bites you but does no damage.
The jumping spider pounces on you!
You die...

##.#................###P.
#####...............###(
.##.............# ##
###..............##
#....°.........###
###.....######.##.
##......##. #....
#ss.#####s. ##..## ##@##
^.s #P..P# #s#


^^^^ ##.### ##R# .s^^s###.## #..##..^^^##...# #○...^..# #..####
##...^######.#R#P## #...## #........# ....# #......... #....# #......... You
could see the friendly Aisling the knight and 3 jumping spiders.

Vanquished Creatures
  Gastronok (Lair:1)
  Erica (Lair:1)
  2 two-headed ogres (D:8)
  Joseph (D:7)
  Maggie (D:7)
  A cane toad (Lair:2)
  Psyche (D:8)
  A komodo dragon (Lair:2)
  A rime drake (Lair:1)
  A polar bear (Lair:1)
  A vampire (D:9)
  5 wyverns
  21 yaks
  A steam dragon (D:9)
  Menkaure (D:7)
  7 water moccasins
  3 ice beasts
  3 orc warriors
  2 necrophages (D:8)
  2 black bears
  An ogre (D:6)
  5 wolves (Lair:2)
  A kobold brigand (D:9)
  10 bullfrogs
  2 scorpions
  A wyvern zombie (D:7)
  5 wights (D:7)
  4 killer bees
  2 jellies
  2 hounds (D:4)
  2 orc priests
  Crazy Yiuf (D:7)
  A centaur skeleton (D:6)
  5 orc wizards
  A killer bee zombie (D:7)
  8 mummies (Ossuary)
  2 howler monkey zombies
  12 gnolls
  9 adders
  A white imp (D:6)
  2 ufetubi
  An adder skeleton (D:4)
  2 worms (D:5)
  2 dart slugs
  10 orcs
  10 bats
  2 endoplasms
  4 giant cockroaches (D:1)
  5 goblins
  11 hobgoblins
  5 jackals
  6 kobolds
  A quokka (D:4)
  6 ball pythons
  2 frilled lizards
  A gnoll zombie (Ossuary)
  3 hobgoblin zombies (Ossuary)
  3 kobold zombies (Ossuary)
  An orc zombie (Ossuary)
  4 rats
213 creatures vanquished.

Vanquished Creatures (collateral kills)
  A two-headed ogre (D:9)
  A wolf spider (Lair:2)
  A black mamba (Lair:2)
  3 yaks
  A wraith (D:9)
  A basilisk (D:8)
  A bullfrog (Lair:1)
  An electric eel (Lair:2)
  An orc priest (D:9)
  A howler monkey zombie (D:9)
  A white imp (D:8)
  An orc (D:8)
  A kobold (D:9)
15 creatures vanquished.

Vanquished Creatures (others)
  3 knights
  4 ancestors
  8 fungi
  19 plants
34 creatures vanquished.

Grand Total: 262 creatures vanquished

Notes
Turn   | Place    | Note
-------+----------+-------------------------------------------
     0 | D:1      | pkoi the Draconian Conjurer began the quest for the Orb.
     0 | D:1      | Reached XP level 1. HP: 14/14 MP: 3/3
   423 | D:1      | Reached XP level 2. HP: 20/20 MP: 3/5
   883 | D:1      | Found a faded altar of an unknown god.
  1174 | D:1      | Reached skill level 5 in Conjurations
  1362 | D:1      | Reached XP level 3. HP: 26/26 MP: 4/6
  2397 | D:2      | Learned a level 2 spell: Searing Ray
  2680 | D:3      | Reached XP level 4. HP: 33/33 MP: 4/7
  2908 | D:3      | Reached skill level 6 in Conjurations
  3344 | D:3      | Reached XP level 5. HP: 38/38 MP: 4/8
  4506 | D:4      | Reached skill level 7 in Conjurations
  4675 | D:4      | Noticed a black bear
  4682 | D:4      | Killed a black bear
  4683 | D:4      | Reached XP level 6. HP: 39/45 MP: 3/9
  4911 | D:4      | Found Xoeseor's Assorted Antiques.
  4919 | D:4      | Reached skill level 8 in Conjurations
  5243 | D:5      | Entered Level 5 of the Dungeon
  5606 | D:5      | Found a hazy altar of Hepliaklqana.
  5940 | D:6      | Your scales start taking on a glossy black colour.
  5940 | D:6      | Reached XP level 7. HP: 50/50 MP: 2/10
  5940 | D:6      | Gained mutation: You are resistant to electric shocks.
                  | (rElec) [Black Draconian growth]
  6173 | D:5      | Became a worshipper of Hepliaklqana the Forgotten
  6388 | D:6      | Found a staircase to the Ecumenical Temple.
  6395 | D:6      | Reached skill level 9 in Conjurations
  6479 | Temple   | Entered the Ecumenical Temple
  7382 | D:7      | Noticed Menkaure
  7382 | D:7      | Found a sand-covered staircase.
  7384 | D:7      | Killed Menkaure
  7565 | D:7      | Reached skill level 10 in Conjurations
  7571 | Ossuary  | Entered an ossuary
  7976 | Ossuary  | Reached XP level 8. HP: 57/57 MP: 4/11
  7982 | Ossuary  | Identified a scroll of acquirement
  7982 | Ossuary  | Acquired a staff of conjuration
  8653 | D:7      | Reached skill level 11 in Conjurations
  8973 | D:7      | Noticed Maggie
  8978 | D:7      | Paralysed by Maggie for 5 turns
  8987 | D:7      | Killed Maggie
  9115 | D:7      | Reached skill level 12 in Conjurations
  9569 | D:7      | Found a runed translucent door.
  9570 | D:7      | Noticed Crazy Yiuf
  9760 | D:7      | Noticed Joseph
  9772 | D:7      | Killed Joseph
  9773 | D:7      | Reached XP level 9. HP: 15/62 MP: 2/12
 10279 | D:7      | Killed Crazy Yiuf
 10451 | D:7      | Gained mutation: You are strong-willed. (Will+) [potion of
                  | mutation]
 10976 | D:8      | Reached skill level 13 in Conjurations
 11361 | D:8      | Reached * piety under Hepliaklqana
 11362 | D:8      | Found a staircase to the Lair.
 11367 | D:8      | Identified the +0 chain mail of Fanaticism {rF- Str+3 SInv}
 12165 | D:7      | Reached XP level 10. HP: 45/62 MP: 5/15
 12459 | D:8      | Noticed a two-headed ogre
 12473 | D:8      | Killed a two-headed ogre
 12474 | D:8      | Reached skill level 14 in Conjurations
 12587 | D:8      | Noticed a two-headed ogre
 12590 | D:8      | Noticed Psyche
 12593 | D:8      | Killed a two-headed ogre
 12594 | D:8      | Reached skill level 5 in Spellcasting
 12598 | D:8      | Killed Psyche
 13583 | D:9      | Found a shimmering blue altar of Sif Muna.
 13686 | D:9      | Noticed a two-headed ogre
 13691 | D:9      | Killed a two-headed ogre
 13692 | D:9      | Reached skill level 15 in Conjurations
 14273 | D:9      | Reached XP level 11. HP: 56/66 MP: 11/20
 14824 | Lair:1   | Entered Level 1 of the Lair of Beasts
 14826 | Lair:1   | Identified the +6 great sword "Jyuciwk" {pain, rN+ Int+2
                  | Dex+3}
 14937 | Lair:1   | Reached ** piety under Hepliaklqana
 14938 | Lair:1   | Remembered your ancestor Aisling as a knight
 15009 | Lair:1   | Noticed Gastronok
 15021 | Lair:1   | Killed Gastronok
 15173 | Lair:1   | Learned a level 5 spell: Fireball
 15512 | Lair:1   | Noticed Erica
 15524 | Lair:1   | Killed Erica
 15525 | Lair:1   | Reached skill level 16 in Conjurations
 15525 | Lair:1   | Reached skill level 1 in Fire Magic
 16828 | Lair:2   | Reached XP level 12. HP: 48/72 MP: 1/24
 17128 | Lair:2   | Reached *** piety under Hepliaklqana
 17406 | Lair:2   | Slain by a jumping spider

Illustrated notes

Levels and vault maps discovered:
D:1:      eino_arrival_water_cross, layout_basic,
          shapermc_ecumenical_altar_ellora, hangedman_decor_growths
D:2:      layout_rooms, minmay_cupped
D:3:      layout_loops_cross, kennysheep_another_room
D:4:      layout_loops_ring, serial_shops, shop_statue, dk_noncrumbling_4,
          st_stairs_10
D:5:      layout_rooms, nicolae_hepliaklqana_hazy_memory
D:6:      layout_loops_ring, minmay_temple_entry_junction_2
D:7:      layout_loops_ring, enter_ossuary_1, uniq_crazy_yiuf_cottage,
          uniq_joseph, uniq_maggie, uniq_menkaure
D:8:      layout_cave_pods, minmay_lair_entry_grove, uniq_psyche
D:9:      layout_layer_cave, kennysheep_orc_sif_temple
Temple:   regret_index_temple_chain_breaker
Lair:1:   layout_roguey, lemuel_another_geyser, uniq_gastronok, uniq_erica
Lair:2:   layout_cave_pods, minmay_shoals_entry_hut,
          spider_nest_entry_funnel_web, grunt_megastairs_2, serial_bayou_shore_b

Skill      XL: |  1  2  3  4  5  6  7  8  9 10 11 |
---------------+----------------------------------+-----
Conjurations   | 5 6 7 8 10 12 13 15 16 | 16.7
Spellcasting   | 3 6 8 |  8.0
Fire Magic     | 3 |  3.9
Dodging        | |  1.7
Stealth        | |  1.7

Action                   |  1- 3 |  4- 6 |  7- 9 | 10-12 || total
-------------------------+-------+-------+-------+-------++-------
Melee: Unarmed           |    20 |       |       |       ||    20
       Tailslap          |     1 |     1 |     2 |     3 ||     7
       Dagger            |    12 |    16 |     9 |       ||    37
       Staff             |       |       |    24 |     6 ||    30
       Great sword       |       |       |       |     4 ||     4
 Cast: Magic Dart        |    89 |   118 |    56 |     8 ||   271
       Searing Ray       |       |     5 |    47 |    63 ||   115
       Fireball          |       |       |       |     4 ||     4
Invok: Recall Ancestor   |       |       |     1 |       ||     1
       Ancestor Identity |       |       |     1 |       ||     1
       Ancestor Life: Kn |       |       |       |     1 ||     1
 Abil: Breathe Lightning |       |       |     2 |       ||     2
  Use: Scroll            |     2 |     2 |     7 |     8 ||    19
       Potion            |     1 |       |     4 |       ||     5
Armor: Skin              |    21 |    17 |    31 |    51 ||   120
Dodge: Dodged            |    42 |    23 |    76 |    63 ||   204
       Rpst.: Great sword |       |       |       |    19 ||    19
